Map: New Repugnancy LE

Players

Mez - Winner!

  • Race: Terran Terran
  • League: Master
  • Spawn Location: 7:00

GLADIATOR

  • Race: Zerg Zerg
  • League: Master
  • Spawn Location: 1:00

VOD

Have the link to the VOD?

Description

Time

  • Played on: July 28, 2019, 1:36 a.m.
  • Length: 13:06
Show
View Real Time Build Order
Export as new Build Order

Mez Terran - Winner!

Build Orders: Reaper Expand 

Get SALT Encoding   

  12  0:01  SCV  
  13  0:13  SCV  
  14  0:17  Supply Depot  
  14  0:25  SCV  
  15  0:39  SCV  
  15  0:40  Barracks  
  16  0:44  Refinery  
  16  0:51  SCV  
  17  1:03  SCV  
  18  1:15  SCV  
  19  1:27  Reaper  
  19  1:28  Orbital Command  
  20  1:41  Command Center  
  20  1:54  Barracks  
  20  1:58  SCV  
  21  2:07  Barracks Reactor  
  21  2:10  SCV  
  21  2:15  Supply Depot  
  22  2:22  Barracks  
  22  2:42  SCV  
  22  2:44  Marine x2, Barracks Tech Lab  
  25  2:54  SCV  
  25  2:55  Orbital Command  
  25  3:07  Marine x3  
  28  3:14  Marine  
  28  3:15  SCV  
  30  3:25  SCV, Marine, Supply Depot  
  30  3:27  SCV  
  33  3:29  Marine x2  
  33  3:37  SCV  
  33  3:39  Marine  
  33  3:40  SCV  
  34  3:43  Marine  
  34  3:45  Engineering Bay  
  34  3:50  Bunker  
  34  3:53  Stimpack  
  34  3:55  Engineering Bay  
  34  3:57  SCV x2, Marine  
  34  4:00  Factory  
  37  4:09  SCV x2  
  39  4:10  Marine x3  
  39  4:15  Marine  
  43  4:20  Bunker  
  43  4:23  SCV x2  
  45  4:29  Marine x3  
  48  4:39  Terran Infantry Weapons Level 1  
  48  4:40  Marine  
  48  4:41  SCV, Supply Depot  
  48  4:42  SCV  
  51  4:46  Supply Depot  
  51  4:49  Barracks Reactor  
  51  4:51  Starport  
  51  4:54  SCV  
  51  4:57  SCV  
  53  5:00  Factory Reactor  
  53  5:06  SCV  
  53  5:09  SCV  
  53  5:10  Supply Depot  
  54  5:18  SCV  
  54  5:20  Marine x2, Supply Depot  
  54  5:21  SCV, Marine  
  59  5:25  Refinery  
  59  5:27  Refinery  
  59  5:30  SCV  
  59  5:33  SCV  
  59  5:34  Supply Depot  
  61  5:40  Command Center  
  61  5:41  Medivac  
  61  5:42  SCV  
  64  5:46  Refinery  
  64  5:50  SCV  
  64  5:54  SCV  
  66  5:57  Marine x5, Supply Depot  
  66  6:01  Medivac  
  73  6:04  SCV  
  73  6:06  SCV  
  73  6:10  Combat Shield  
  75  6:15  Marine  
  76  6:19  SCV x2  
  78  6:32  Marine x4  
  82  6:39  Medivac x2  
  86  6:41  Barracks  
  86  6:42  Terran Infantry Armor Level 1, Barracks  
  86  6:44  Supply Depot  
  86  6:56  Marine x4  
  86  6:57  Supply Depot  
  86  6:59  Supply Depot  
  90  7:01  Supply Depot  
  90  7:03  Marine  
  91  7:10  SCV x2  
  91  7:11  Armory  
  91  7:14  Engineering Bay, Marine  
  91  7:15  Marine x3  
  96  7:17  Medivac x2  
  96  7:21  Marine, Orbital Command  
  96  7:22  SCV  
  103  7:23  SCV  
  104  7:31  Marine  
  104  7:34  SCV  
  104  7:35  SCV  
  107  7:40  Marine, Command Center  
  110  7:46  SCV  
  110  7:47  SCV  
  110  7:49  Barracks Reactor x2  
  111  7:58  SCV  
  101  8:10  Marine x5  
  96  8:29  Marine  
  96  8:30  Marine x7  
  95  8:42  Terran Infantry Armor Level 2, Terran Infantry Weapons Level 2  
  95  8:43  Marine  
  95  8:44  Barracks  
  95  8:45  Barracks, Medivac x2  
  95  8:46  SCV x3, Barracks  
  95  8:47  Marine x3  
  95  8:48  Marine  
  107  8:59  SCV x2  
  107  9:00  Command Center  
  109  9:04  Marine x4  
  109  9:05  Supply Depot  
  109  9:06  Supply Depot x2  
  113  9:11  Marine x5  
  113  9:17  Planetary Fortress  
  118  9:19  SCV x3  
  121  9:24  Marine x3  
  121  9:27  Medivac  
  126  9:35  Marine x3  
  126  9:36  Barracks Tech Lab x3  
  126  9:38  Marauder  
  131  9:41  Concussive Shells  
  131  9:48  SCV x2  
  131  9:49  Marine  
  134  9:59  Marauder  
  136  10:04  Marine x7, Marauder x3  
  136  10:07  Marine  
  149  10:13  Orbital Command  
  150  10:21  Marauder  
  141  10:36  Marine x6, Marauder x3  
  141  10:37  Marine x2  
  141  10:42  Marine  
  155  10:46  Medivac x2  
  159  10:53  Supply Depot  
  159  10:54  SCV x4, Marine x2  
  165  10:58  Marine x7, Marauder x2  
  176  11:05  Command Center  
  176  11:17  Marine  
  176  11:18  Marine x3, Marauder  
  182  11:19  Marauder  
  184  11:26  Marine x2, Marauder  
  184  11:27  Marine x2, Marauder  
  177  11:45  Marine  
  177  11:46  Marauder  
  158  11:47  Marine x5, Marauder  
  158  11:48  Marine x3, Marauder  
  127  12:19  Marine x4, Marauder x3  
  127  12:20  Marine x4, Marauder  
  127  12:21  Medivac x2  
  129  12:28  Barracks x2  
  129  12:29  Barracks  
  129  12:33  Barracks  
  129  12:36  Sensor Tower  
  129  12:38  Marine x2  
  129  12:41  Marauder  
Show
View Real Time Build Order
Export as new Build Order

GLADIATOR Zerg 

Build Orders: Hatch First, Roach Hydra 

Get SALT Encoding   

  12  0:01  Drone  
  13  0:13  Overlord  
  13  0:17  Drone  
  14  0:31  Drone x2  
  16  0:37  Drone  
  17  0:53  Hatchery  
  16  0:58  Extractor  
  15  1:07  Spawning Pool  
  15  1:09  Drone  
  15  1:14  Drone  
  16  1:21  Drone  
  16  1:22  Drone  
  18  1:32  Drone  
  19  1:42  Overlord  
  19  1:54  Queen  
  19  1:55  Zergling x2  
  19  1:57  Metabolic Boost  
  22  2:05  Queen  
  25  2:08  Zergling x2  
  25  2:19  Drone  
  25  2:20  Drone, Zergling x2  
  28  2:38  Zergling x6  
  30  2:48  Overlord  
  30  2:50  Drone x2  
  32  2:59  Roach Warren  
  30  3:15  Drone x3  
  30  3:16  Extractor  
  30  3:18  Queen  
  34  3:20  Zergling x2  
  34  3:21  Zergling x6  
  34  3:43  Drone  
  34  3:44  Drone x5  
  40  4:05  Drone  
  40  4:06  Drone x3  
  40  4:07  Overlord x2  
  44  4:22  Evolution Chamber x2  
  42  4:39  Roach x6  
  42  4:44  Baneling Nest  
  53  5:02  Hatchery  
  53  5:05  Zerg Ground Armor Level 1  
  53  5:06  Zerg Melee Weapons Level 1  
  52  5:08  Spore Crawler  
  52  5:09  Drone  
  52  5:10  Drone  
  52  5:11  Lair  
  53  5:16  Spore Crawler  
  53  5:17  Zergling x4  
  53  5:20  Ravager x2  
  53  5:21  Ravager  
  57  5:29  Drone x3  
  57  5:30  Extractor  
  57  5:35  Drone  
  60  5:36  Overlord  
  60  5:42  Overlord  
  60  5:49  Overlord  
  60  5:54  Drone  
  60  5:55  Drone x4  
  65  6:00  Overlord, Drone  
  65  6:03  Baneling x2  
  65  6:04  Baneling  
  66  6:12  Centrifical Hooks  
  66  6:16  Drone x3  
  69  6:19  Extractor  
  69  6:20  Overseer  
  69  6:25  Drone x2  
  70  6:29  Glial Reconstitution  
  70  6:31  Drone  
  70  6:32  Drone x2  
  73  6:48  Drone  
  73  6:49  Drone x8, Spore Crawler  
  81  6:58  Overlord  
  81  6:59  Drone  
  82  7:08  Overlord x2  
  82  7:09  Drone x2  
  82  7:10  Drone x4  
  88  7:18  Zerg Ground Armor Level 2  
  88  7:19  Zerg Melee Weapons Level 2  
  88  7:34  Drone, Extractor  
  88  7:35  Drone x2  
  88  7:36  Roach  
  92  7:37  Roach x6  
  104  7:45  Hydralisk Den  
  103  7:54  Zergling x2  
  103  7:55  Zergling x12  
  98  8:26  Roach x4  
  106  8:36  Overlord x3  
  106  8:37  Overlord  
  104  8:41  Muscular Augments  
  104  8:49  Queen, Extractor  
  105  8:59  Baneling x3  
  105  9:00  Baneling x4  
  105  9:01  Drone x3  
  108  9:05  Hatchery  
  108  9:09  Hydralisk  
  107  9:10  Hydralisk x5  
  107  9:12  Hydralisk x4  
  127  9:25  Infestation Pit  
  127  9:30  Zergling x2  
  127  9:31  Zergling x8  
  131  9:36  Overlord x2  
  131  9:48  Overlord x3  
  131  9:49  Overlord x2  
  131  9:55  Grooved Spines  
  131  9:56  Hydralisk x2, Zerg Missile Weapons Level 1  
  131  9:57  Hydralisk x4  
  143  10:09  Queen  
  143  10:13  Zergling x2  
  143  10:14  Zergling x8  
  150  10:18  Baneling  
  150  10:19  Baneling x10  
  150  10:20  Queen  
  150  10:21  Drone  
  130  10:41  Zergling x2  
  130  10:42  Zergling x24  
  142  10:45  Hive  
  142  10:58  Spore Crawler  
  141  11:05  Hydralisk  
  141  11:06  Hydralisk x8  
  131  11:40  Hydralisk x7  
  131  11:41  Hydralisk x3  
  92  12:26  Hatchery  
  91  12:37  Hatchery  
  91  12:38  Extractor  
Tags
 
Add a new tag
Caveats
  • Supply blocks, unpowered buildings, or Contaminate may cause inaccurate times.
  • Supply counts are checked every 10 seconds.